Map: Traitor's Exile

Players

Rescue

  • Race: Zerg Zerg
  • Spawn Location: 5:00

JicD

  • Race: Protoss Protoss
  • Spawn Location: 6:00

DKCROSSFIRE - Winner!

  • Race: Terran Terran
  • Spawn Location: 9:00

PureLegacy - Winner!

  • Race: Terran Terran
  • League: Master
  • Spawn Location: 12:00

VOD

Have the link to the VOD?

Description

Time

  • Played on: Dec. 2, 2018, 4:17 p.m.
  • Length: 0:43
Show
View Real Time Build Order
Export as new Build Order

Rescue Zerg 

Build Orders:  

Get SALT Encoding   

  12  0:01  Drone  
  13  0:14  Overlord  
  13  0:18  Drone  
Show
View Real Time Build Order
Export as new Build Order

JicD Protoss 

Build Orders:  

Get SALT Encoding   

  12  0:00  Probe  
  13  0:13  Probe  
  14  0:25  Probe  
  14  0:26  Pylon  
Show
View Real Time Build Order
Export as new Build Order

DKCROSSFIRE Terran - Winner!

Build Orders:  

Get SALT Encoding   

  12  0:04  SCV  
  13  0:18  SCV  
  14  0:27  Supply Depot  
  14  0:30  SCV  
  14  0:33  Refinery  
Show
View Real Time Build Order
Export as new Build Order

PureLegacy Terran - Winner!

Build Orders:  

Get SALT Encoding   

  12  0:07  SCV  
  13  0:19  SCV  
  14  0:24  Supply Depot  
  14  0:33  Refinery  
Tags
 
Add a new tag
Caveats
  • Supply blocks, unpowered buildings, or Contaminate may cause inaccurate times.
  • Supply counts are checked every 10 seconds.